 Dungeon Crawl Stone Soup version 0.31-a0-180-g519b7de00c (webtiles) character file.

Game seed: 62265368789462010

160 qw the Shooter (level 5, -2/49 HPs)
             Began as a Naga Hunter on June 19, 2023.
             Slain by Terence
             ... wielding a +0 flail
              (10 damage)
             ... on level 3 of the Dungeon.
             The game lasted 00:00:46 (2781 turns).

qw the Shooter (Naga Hunter)                        Turns: 2781, Time: 00:00:47

Health: -2/49      AC:  5    Str: 13    XL:     5   Next: 41%
Magic:  5/5        EV:  9    Int:  9    God:
Gold:   140        SH:  0    Dex: 17    Spells: 4/4 levels left

rFire   . . .        Y - +0 shortbow
rCold   . . .        (shield currently unavailable)
rNeg    + . .        c - +0 leather armour
rPois   +            h - +0 helmet
rElec   .            (no cloak)
rCorr   .            b - +0 pair of gloves
SInv    +            (no barding)
Will    .....        (no amulet)
Stlth   ++           g - ring of positive energy
HPRegen 0.28/turn    (no ring)
MPRegen 0.09/turn

%: no passive effects
@: about to teleport, short of breath, very slow
A: AC +1, large, see invisible, deformed body, poison resistance, slowness 2,
spit poison 1, naga tail 1
a: Spit Poison


You were on level 3 of the Dungeon.
You visited 1 branch of the dungeon, and saw 3 of its levels.

You collected 140 gold pieces.


Innate Abilities, Weirdness & Mutations

Your serpentine skin is tough. (AC +1)
You have supernaturally acute eyesight. (SInv)
Armour fits poorly on your strangely shaped body.
Your system is resistant to poisons. (rPois)
You cover ground very slowly.
You can spit poison.
You have a snake-like lower body.


   Skills:
 - Level 3.0 Fighting
 + Level 5.5 Ranged Weapons
 - Level 1.5 Dodging
 - Level 1.5 Stealth


You had 4 spell levels left.
You didn't know any spells.
Your spell library was empty.

Inventory:

Hand Weapons
 Y - a +0 shortbow (weapon)
Armour
 b - a +0 pair of gloves (worn)
 c - a +0 leather armour (worn)
 h - a +0 helmet (worn)
Jewellery
 g - a ring of positive energy (left hand)
Scrolls
 e - a scroll of identify
Potions
 d - a potion of might
 f - a potion of enlightenment {unknown}
 i - 2 potions of haste {unknown}

Dungeon Overview and Level Annotations

Branches:
Dungeon (3/15)

Altars:
Dithmenos
Hepliaklqana

Annotations:
D:3 Terence


Message History

Terence hits you with a +0 flail!
2772 ||| INVOKING Spit Poison.
Aiming: Spit Poison (1% risk of failure)
Press: ? - help, Shift-Dir - straight line, f/p - Terence The splash of poison hits Terence but does no damage.
Terence is poisoned.
Terence is moderately wounded.
Terence hits you with a +0 flail!
You shoot an arrow. The arrow hits Terence.
Terence is heavily wounded.
Terence hits you with a +0 flail.
You shoot an arrow. The arrow closely misses Terence.
Terence barely misses you.
You shoot an arrow. The arrow hits Terence.
Terence is severely wounded.
Terence barely misses you.
You shoot an arrow.
The arrow hits Terence but does no damage.
Terence is severely wounded.
Terence hits you with a +0 flail.
Terence drinks a potion.
Terence is healed!
You shoot an arrow. The arrow hits Terence!
Terence is moderately wounded.
Terence hits you with a +0 flail.
You shoot an arrow. The arrow closely misses Terence.
You have got your breath back.
Terence closely misses you.
2779 ||| INVOKING Spit Poison.
Aiming: Spit Poison (1% risk of failure)
Press: ? - help, Shift-Dir - straight line, f/p - Terence The splash of poison hits Terence.
Terence is severely wounded.
Terence drinks a potion.
Terence is healed!
You shoot an arrow.
The arrow hits Terence but does no damage.
Terence looks more healthy.
Terence hits you with a +0 flail!
2781 ||| READING scroll of teleportation.
As you read the scroll of teleportation, it crumbles to dust.
You feel strangely unstable. Terence hits you with a +0 flail!
You die...

.# #......# .# .# .# .#
## ## .. # ######.# # .#
###...#.#.####. .##
....#[.# #.....##..#
###...## #....@..# #
####.###)# ##@# ### ##
##.#.# #.## #.. .###
##..# ##.###.# ..####...#
##.#.## ..#¤##...# #...<#
._#¤¤#...# #.##.#.##
..#¤¤#...# ###.).....#
..#W##...######.......#.#
.####.........#.#.##..# #


You could see Terence.

Vanquished Creatures
  An orc priest (D:3)
  9 adders
  2 orcs (D:3)
  3 bats (D:1)
  9 endoplasms
  2 giant cockroaches (D:1)
  A hobgoblin (D:2)
  2 jackals (D:1)
  3 quokkas
  2 ball pythons
  4 frilled lizards
  7 goblins
  3 kobolds
  2 rats
50 creatures vanquished.

Notes
Turn   | Place    | Note
-------+----------+-------------------------------------------
     0 | D:1      | qw the Naga Hunter began the quest for the Orb.
     0 | D:1      | Reached XP level 1. HP: 19/19 MP: 1/1
     0 | D:1      | 0 ||| qw: Version: 0.3-a-7-ge0c9b40
     0 | D:1      | 0 ||| qw: Game counter: 928
     0 | D:1      | 0 ||| qw: Always use a shield: true
     0 | D:1      | 0 ||| qw: God list: Okawaru
     0 | D:1      | 0 ||| qw: Allow faded altars: false
     0 | D:1      | 0 ||| qw: Do Orc after D:15 true
     0 | D:1      | 0 ||| qw: Do second Lair branch before Depths: true
     0 | D:1      | 0 ||| qw: Lair rune preference: random
     0 | D:1      | 0 ||| qw: Plans: Normal
     0 | D:1      | 0 ||| PLANNING D:1-11
     4 | D:1      | You fall into a shaft and drop 1 floor!
     9 | D:2      | 9 ||| DROPPING scroll of butterflies.
    20 | D:1      | 20 ||| INVOKING Spit Poison.
    49 | D:1      | 49 ||| INVOKING Spit Poison.
   122 | D:1      | 122 ||| INVOKING Spit Poison.
   255 | D:1      | 255 ||| INVOKING Spit Poison.
   260 | D:1      | 260 ||| INVOKING Spit Poison.
   357 | D:1      | Reached skill level 4 in Ranged Weapons
   357 | D:1      | Reached XP level 2. HP: 26/26 MP: 2/2
   425 | D:1      | 425 ||| INVOKING Spit Poison.
   453 | D:1      | 453 ||| INVOKING Spit Poison.
   526 | D:1      | 526 ||| INVOKING Spit Poison.
   532 | D:1      | 532 ||| INVOKING Spit Poison.
   693 | D:1      | 693 ||| INVOKING Spit Poison.
   706 | D:1      | 706 ||| INVOKING Spit Poison.
   736 | D:1      | 736 ||| INVOKING Spit Poison.
   909 | D:1      | 909 ||| UPGRADING to +0 helmet.
   914 | D:1      | 914 ||| UPGRADING to ring of positive energy.
   915 | D:1      | 915 ||| READING 3 scrolls labelled OSOSTR SAUGHO.
   919 | D:1      | 919 ||| READING scroll labelled HAPUEGETAF.
   920 | D:1      | 920 ||| READING scroll labelled KYIHES REAX.
   972 | D:2      | 972 ||| INVOKING Spit Poison.
   973 | D:2      | Reached XP level 3. HP: 32/32 MP: 3/3
  1018 | D:2      | 1018 ||| INVOKING Spit Poison.
  1024 | D:2      | 1024 ||| INVOKING Spit Poison.
  1067 | D:2      | 1067 ||| INVOKING Spit Poison.
  1241 | D:2      | 1241 ||| INVOKING Spit Poison.
  1300 | D:2      | 1300 ||| INVOKING Spit Poison.
  1362 | D:2      | 1362 ||| INVOKING Spit Poison.
  1365 | D:2      | 1365 ||| INVOKING Spit Poison.
  1440 | D:2      | Found Ucoomuh's Jewellery Emporium.
  1466 | D:2      | Reached skill level 5 in Ranged Weapons
  1533 | D:2      | 1533 ||| INVOKING Spit Poison.
  1536 | D:2      | Reached XP level 4. HP: 39/39 MP: 4/4
  1642 | D:2      | 1642 ||| INVOKING Spit Poison.
  1679 | D:2      | 1679 ||| INVOKING Spit Poison.
  1692 | D:2      | 1692 ||| INVOKING Spit Poison.
  1823 | D:2      | 1823 ||| INVOKING Spit Poison.
  1826 | D:2      | 1826 ||| INVOKING Spit Poison.
  1836 | D:2      | 1836 ||| INVOKING Spit Poison.
  2114 | D:2      | 2114 ||| UPGRADING to +0 pair of gloves.
  2119 | D:2      | 2119 ||| READING 2 scrolls of identify.
  2119 | D:2      | 2119 ||| IDENTIFYING brown potion
  2248 | D:3      | Found a shadowy altar of Dithmenos.
  2250 | D:3      | Found a hazy altar of Hepliaklqana.
  2251 | D:3      | Noticed a shadow
  2254 | D:3      | 2254 ||| INVOKING Spit Poison.
  2262 | D:3      | 2262 ||| INVOKING Spit Poison.
  2270 | D:3      | 2270 ||| INVOKING Spit Poison.
  2274 | D:3      | Reached skill level 3 in Fighting
  2323 | D:3      | 2323 ||| INVOKING Spit Poison.
  2326 | D:3      | 2326 ||| INVOKING Spit Poison.
  2330 | D:3      | 2330 ||| INVOKING Spit Poison.
  2332 | D:3      | HP: 9/42 [orc priest/+0 hand axe (5)]
  2333 | D:3      | 2333 ||| READING 3 scrolls of teleportation.
  2337 | D:3      | 2337 ||| READING 2 scrolls of teleportation.
  2338 | D:3      | 2338 ||| INVOKING Spit Poison.
  2338 | D:3      | HP: 1/42 [orc wizard/magic dart (7)]
  2342 | D:3      | 2342 ||| READING scroll of teleportation.
  2343 | D:3      | 2343 ||| INVOKING Spit Poison.
  2348 | D:3      | 2348 ||| INVOKING Spit Poison.
  2430 | D:3      | 2430 ||| INVOKING Spit Poison.
  2434 | D:3      | Reached XP level 5. HP: 31/49 MP: 5/5
  2535 | D:3      | 2535 ||| INVOKING Spit Poison.
  2666 | D:3      | 2666 ||| INVOKING Spit Poison.
  2672 | D:3      | 2672 ||| INVOKING Spit Poison.
  2719 | D:3      | 2719 ||| INVOKING Spit Poison.
  2767 | D:3      | Noticed Terence
  2768 | D:3      | 2768 ||| INVOKING Spit Poison.
  2772 | D:3      | 2772 ||| INVOKING Spit Poison.
  2779 | D:3      | 2779 ||| INVOKING Spit Poison.
  2780 | D:3      | HP: 8/49 [Terence/+0 flail (8)]
  2781 | D:3      | 2781 ||| READING scroll of teleportation.
  2781 | D:3      | Slain by Terence

Levels and vault maps discovered:
D:1:      minmay_arrival_four_houses, layout_loops_corners, minmay_pentomino_r4
D:2:      layout_basic, serial_shops, shop, serial_forest,
          infiniplex_forest_clump_tiny, infiniplex_forest_clump_large,
          infiniplex_forest_end_3, infiniplex_forest_lined_2,
          infiniplex_forest_end_2, infiniplex_forest_clump_small,
          infiniplex_forest_straight_1, infiniplex_forest_lined_3_way,
          feat_on_display
D:3:      layout_loops_cross, riverfiend_overflow_shadow_ancestor,
          pdpol_temple_overflow_zin_treasury_gozag_greed,
          nicolae_overflow_two_pavilions, uniq_natasha, uniq_terence

Skill      XL: |  1  2  3  4 |
---------------+-------------+-----
Ranged Weapons | 4 5 |  5.5
Fighting       | 3 |  3.0
Dodging        | |  1.5
Stealth        | |  1.5

Action                     |  1- 3 |  4- 6 || total
---------------------------+-------+-------++-------
   Fire: Shortbow          |    58 |    65 ||   123
Ability: Spit Poison       |    21 |    23 ||    44
    Use: Scroll            |     3 |     5 ||     8
 Armour: Leather armour    |    11 |     6 ||    17
  Dodge: Dodged            |    16 |    12 ||    28

Table legend:
 A = Non-vault XP
 B = Vault XP
 C = Vault XP percentage of total XP
 D = Non-vault monster count
 E = Vault monster count
 F = Vault count percentage of total count
                 A         B        C        D         E       F
            +---------+---------+-------+---------+---------+-------
      Total |     225 |       4 |   1.7 |      48 |       2 |   4.0
            +---------+---------+-------+---------+---------+-------
        D:1 |      29 |       4 |  12.1 |      17 |       2 |  10.5
        D:2 |      84 |       0 |   0.0 |      17 |       0 |   0.0
        D:3 |     112 |       0 |   0.0 |      14 |       0 |   0.0
            +---------+---------+-------+---------+---------+-------
